Map: Echo LE (Void)

Players

Dark

  • Race: Zerg Zerg
  • Spawn Location: 11:00

ByuN - Winner!

  • Race: Terran Terran
  • Spawn Location: 5:00

Event: IEM Season 11 - Gyeonggi

VOD

Have the link to the VOD?

Description

Time

  • Played on: Dec. 15, 2016, 12:18 a.m.
  • Length: 18:42

All games in this series

Show
View Real Time Build Order
Export as new Build Order

Dark Zerg 

Build Orders: Pool First, Muta Ling Bane 

Get SALT Encoding   

  12  0:00  Drone  
  13  0:13  Overlord  
  13  0:17  Drone  
  14  0:32  Drone x2  
  16  0:35  Drone  
  17  0:46  Drone  
  18  0:51  Spawning Pool  
  17  1:08  Hatchery  
  16  1:12  Drone  
  16  1:14  Drone  
  18  1:19  Drone  
  19  1:26  Extractor  
  19  1:29  Drone  
  19  1:37  Queen  
  19  1:39  Zergling x2  
  22  1:51  Overlord  
  22  2:04  Hatchery  
  22  2:07  Drone  
  22  2:13  Queen  
  24  2:20  Drone  
  25  2:32  Drone x2  
  25  2:36  Metabolic Boost  
  27  2:38  Drone x2  
  29  2:47  Spore Crawler  
  29  2:48  Drone x2  
  30  2:52  Overlord  
  30  2:58  Overlord  
  31  3:01  Drone x2  
  33  3:08  Queen  
  36  3:12  Drone  
  36  3:14  Drone  
  36  3:17  Drone  
  36  3:19  Drone  
  39  3:24  Drone x3  
  43  3:27  Drone  
  43  3:33  Drone x3  
  46  3:40  Evolution Chamber  
  45  3:42  Drone  
  45  3:44  Queen  
  48  3:50  Drone  
  48  3:51  Drone x2  
  48  3:52  Queen  
  53  3:59  Overlord  
  53  4:01  Drone  
  53  4:02  Drone  
  55  4:05  Zerg Ground Armor Level 1  
  55  4:07  Drone  
  55  4:08  Overlord  
  56  4:11  Overlord  
  56  4:21  Zergling x8  
  56  4:24  Queen  
  59  4:28  Queen  
  59  4:31  Zergling x8  
  67  4:34  Zergling x4  
  67  4:36  Zergling x4  
  71  4:39  Zergling x4  
  71  4:42  Queen  
  75  4:47  Zergling x4  
  75  4:48  Baneling Nest  
  75  5:03  Overlord  
  75  5:04  Overlord  
  75  5:07  Drone x4  
  75  5:08  Drone  
  78  5:16  Zergling x6  
  78  5:18  Overlord x2  
  78  5:19  Lair  
  81  5:25  Extractor x2  
  81  5:26  Zergling x8  
  81  5:27  Queen  
  85  5:30  Extractor  
  85  5:34  Zergling x4  
  86  5:35  Spore Crawler  
  86  5:37  Zergling x8  
  86  5:38  Baneling, Zergling x2  
  86  5:39  Baneling x3  
  86  5:41  Zergling x2  
  72  5:58  Zergling x2  
  72  5:59  Zergling x4  
  72  6:02  Drone x7  
  80  6:06  Drone  
  80  6:07  Drone x2  
  80  6:11  Zerg Melee Weapons Level 1, Hatchery  
  82  6:12  Drone, Evolution Chamber  
  82  6:14  Extractor  
  82  6:16  Extractor  
  82  6:17  Drone x2, Baneling  
  82  6:18  Spore Crawler  
  82  6:19  Centrifical Hooks  
  82  6:24  Drone  
  82  6:25  Drone  
  83  6:30  Drone  
  84  6:34  Overlord  
  84  6:35  Drone x2  
  84  6:37  Zergling x6  
  89  6:45  Drone x5  
  89  6:46  Drone  
  95  6:47  Zerg Ground Armor Level 2  
  95  6:52  Zergling x6  
  95  6:53  Baneling x2  
  98  7:02  Hatchery  
  98  7:06  Drone x3  
  100  7:10  Drone  
  100  7:12  Spire  
  100  7:16  Zergling x8  
  100  7:17  Zergling x2  
  100  7:19  Baneling x3  
  100  7:20  Overseer  
  106  7:30  Hatchery, Zergling x14  
  106  7:33  Baneling  
  106  7:34  Baneling  
  106  7:36  Zergling x2  
  115  7:37  Zergling x6  
  115  7:38  Pneumatized Carapace  
  106  7:45  Zergling x12  
  112  7:53  Overlord  
  112  7:54  Overlord  
  112  7:59  Baneling  
  112  8:00  Zergling x12  
  112  8:02  Baneling x3  
  112  8:03  Baneling  
  112  8:05  Overlord  
  117  8:09  Zerg Melee Weapons Level 2  
  115  8:14  Zergling x8  
  115  8:15  Baneling x3, Zergling x4  
  115  8:16  Baneling  
  115  8:17  Zergling x2  
  119  8:25  Mutalisk x4  
  127  8:30  Drone x3  
  127  8:33  Mutalisk  
  129  8:36  Mutalisk  
  129  8:41  Drone x3  
  133  8:43  Drone  
  134  8:49  Mutalisk x3  
  134  8:52  Drone  
  134  8:53  Zergling x4  
  134  8:55  Baneling x3  
  143  8:56  Drone  
  143  9:01  Zergling x6  
  147  9:03  Overlord  
  147  9:08  Overlord  
  147  9:10  Overlord  
  147  9:12  Baneling x6  
  147  9:14  Drone x2  
  149  9:18  Drone  
  150  9:24  Mutalisk x3  
  146  9:32  Zergling x2  
  146  9:33  Zergling x6  
  146  9:35  Baneling x4  
  146  9:36  Zergling x14  
  154  9:41  Mutalisk x2  
  154  9:44  Drone  
  159  9:46  Zergling x4  
  161  9:57  Hatchery  
  161  9:59  Mutalisk x3, Overseer  
  166  10:03  Baneling x9  
  164  10:12  Zerg Flyer Weapons Level 1, Overlord x2  
  164  10:16  Zergling x16  
  172  10:23  Baneling  
  172  10:24  Baneling x8  
  172  10:28  Zergling x16  
  166  10:32  Zergling x6  
  166  10:34  Baneling x4  
  166  10:35  Baneling  
  170  10:40  Zergling x12  
  172  10:48  Zergling x10  
  172  10:49  Zergling x6  
  178  10:52  Zergling x2  
  178  10:55  Baneling  
  178  10:56  Baneling x11  
  173  11:00  Zergling x8  
  161  11:10  Baneling x8  
  145  11:11  Zergling x6  
  145  11:12  Zergling x10  
  145  11:14  Baneling x2  
  153  11:21  Zergling x6  
  156  11:34  Zergling x10  
  156  11:35  Zergling x16  
  164  11:50  Zergling x2  
  164  11:51  Zergling x16  
  157  11:58  Zergling x4  
  147  12:07  Zergling x4  
  147  12:08  Zergling x6  
  145  12:12  Zergling x12  
  136  12:17  Zergling x4  
  136  12:23  Zergling x2  
  136  12:24  Baneling x2  
  136  12:25  Baneling x10, Mutalisk x2  
  136  12:27  Zergling x2  
  142  12:30  Zergling x6  
  146  12:37  Drone x4  
  146  12:38  Zergling x4  
  146  12:40  Baneling x6  
  151  12:49  Mutalisk  
  151  12:50  Mutalisk x2  
  157  12:55  Mutalisk x3  
  157  12:56  Overlord x2  
  157  12:58  Drone x2  
  165  13:00  Zergling x2  
  165  13:01  Zergling x4  
  165  13:02  Zergling x4  
  170  13:06  Baneling x14  
  170  13:09  Drone x2  
  170  13:11  Zergling x2  
  170  13:12  Zergling x8  
  174  13:14  Zergling x6  
  174  13:18  Mutalisk  
  174  13:19  Zergling x6  
  179  13:23  Zergling x4  
  180  13:29  Zergling x2  
  180  13:33  Zergling x4  
  182  13:45  Zergling x8  
  182  13:48  Zergling x6  
  189  13:50  Zergling x2  
  189  13:53  Baneling x3  
  189  13:54  Zergling x4  
  192  13:55  Hatchery  
  192  13:56  Baneling x3  
  192  13:58  Zergling x4  
  185  14:05  Baneling x4  
  185  14:06  Baneling x5  
  173  14:13  Zergling x12  
  173  14:14  Zergling x2  
  165  14:21  Zergling x6  
  165  14:23  Overseer  
  153  14:43  Zergling x14  
  152  14:49  Mutalisk x2  
  152  14:52  Mutalisk  
  158  14:58  Baneling x6  
  155  15:17  Hatchery  
  154  15:24  Zergling x2  
  154  15:25  Baneling  
  154  15:26  Baneling x11  
  143  15:30  Zergling x2  
  123  15:45  Zergling x14  
  130  15:59  Baneling  
  130  16:00  Baneling x2  
  130  16:06  Burrow  
  130  16:08  Baneling x2  
  130  16:09  Baneling x2, Hatchery  
  128  16:28  Mutalisk x2  
  132  16:43  Mutalisk  
  132  16:44  Mutalisk  
  136  16:56  Zergling x6  
  136  16:57  Zergling x8  
  133  17:14  Zergling x2  
  133  17:15  Zergling x6  
  133  17:22  Zergling x6  
  129  17:23  Zergling x4  
  129  17:24  Baneling  
  129  17:25  Baneling x10  
  131  17:41  Overseer  
  131  17:44  Baneling x6  
  131  17:51  Hatchery  
  131  17:56  Zergling x2  
  131  17:57  Zergling x10  
  134  18:08  Zergling x8  
  134  18:12  Zergling x6  
  135  18:13  Zergling x2  
  135  18:16  Zergling x2  
  125  18:24  Zergling x2  
Show
View Real Time Build Order
Export as new Build Order

ByuN Terran - Winner!

Build Orders: Reaper Expand, MMM Bio 

Get SALT Encoding   

  12  0:00  SCV  
  13  0:12  SCV  
  14  0:17  Supply Depot  
  14  0:24  SCV  
  15  0:38  SCV  
  15  0:39  Barracks  
  16  0:42  Refinery  
  16  0:50  SCV  
  17  1:02  SCV  
  18  1:14  SCV  
  19  1:25  Reaper  
  19  1:26  Orbital Command  
  20  1:38  Command Center  
  20  1:48  Barracks  
  20  1:52  SCV  
  21  1:57  Barracks Reactor  
  21  2:02  Supply Depot  
  21  2:05  SCV  
  22  2:10  Refinery  
  22  2:18  SCV  
  22  2:21  Factory  
  23  2:30  SCV  
  23  2:33  Marine x2  
  23  2:36  Barracks Tech Lab  
  26  2:42  SCV  
  27  2:54  SCV, Orbital Command  
  27  2:58  Stimpack  
  28  2:59  Marine  
  28  3:00  Marine  
  28  3:02  Marine  
  31  3:06  SCV  
  32  3:13  Starport  
  32  3:17  Factory Reactor  
  32  3:21  Marine x2  
  32  3:23  Marine  
  35  3:28  SCV x2  
  37  3:36  Supply Depot  
  37  3:40  SCV x2  
  39  3:41  Marine x3  
  42  3:52  Supply Depot  
  42  3:56  Medivac  
  42  3:57  Medivac  
  42  3:58  SCV x2  
  42  3:59  Marine  
  42  4:00  Marine  
  50  4:02  Marine  
  50  4:09  Engineering Bay  
  51  4:10  SCV x2  
  51  4:16  Supply Depot  
  53  4:20  Marine  
  53  4:21  Marine  
  53  4:22  Marine, SCV  
  57  4:28  SCV  
  57  4:31  Engineering Bay  
  58  4:36  Refinery  
  58  4:37  Terran Infantry Weapons Level 1  
  58  4:38  Medivac  
  58  4:42  SCV x2  
  63  4:46  Marine x3  
  63  4:51  Supply Depot  
  65  4:54  SCV x2  
  67  5:01  Combat Shields  
  67  5:06  SCV  
  69  5:11  Command Center  
  69  5:12  SCV  
  69  5:17  Marine x3  
  69  5:18  SCV  
  69  5:19  Terran Infantry Armor Level 1  
  73  5:23  Factory Reactor  
  73  5:28  Barracks  
  73  5:31  SCV x2  
  73  5:32  Supply Depot  
  75  5:47  SCV x2  
  72  5:51  Marine x2  
  72  5:54  Marine  
  66  5:59  SCV x2  
  66  6:02  Barracks x2  
  64  6:04  Widow Mine x2  
  64  6:08  Refinery, Armory  
  64  6:09  Marine x2  
  70  6:11  SCV  
  70  6:12  Marine  
  70  6:16  Medivac x2  
  70  6:17  Barracks Reactor  
  70  6:18  SCV  
  77  6:27  Marine x2  
  77  6:30  Marine  
  80  6:33  SCV x2, Liberator  
  80  6:38  Widow Mine  
  80  6:39  Widow Mine  
  86  6:45  Marine x2, SCV x2  
  90  6:48  Marine  
  90  6:49  Medivac  
  90  6:51  Barracks Reactor x2  
  90  6:53  Orbital Command  
  96  6:57  Marine x2, SCV x2  
  100  7:02  Marine  
  100  7:06  Supply Depot  
  100  7:07  Supply Depot  
  101  7:08  Supply Depot  
  101  7:16  Terran Infantry Weapons Level 2  
  101  7:26  Terran Infantry Armor Level 2  
  101  7:27  Marine x5, SCV x2  
  101  7:28  SCV  
  109  7:32  Medivac  
  109  7:34  Marine  
  109  7:35  Marine x3  
  115  7:39  SCV x2  
  115  7:40  Widow Mine x2  
  117  7:45  Marine x3  
  117  7:50  Marine x2  
  120  7:52  Marine x3  
  120  7:53  Marine  
  124  7:59  Supply Depot x2  
  124  8:01  Supply Depot  
  124  8:02  Marine  
  125  8:09  Marauder, Widow Mine x2  
  128  8:13  Marine x5  
  133  8:20  Marine  
  133  8:21  Marine  
  133  8:22  Marine  
  136  8:30  Marauder, Marine  
  136  8:31  Marine x4  
  140  8:37  Barracks, Widow Mine x2  
  140  8:38  Marine  
  140  8:39  Marine  
  140  8:40  Marine  
  146  8:45  Barracks  
  146  8:46  Barracks  
  146  8:47  Medivac x2  
  150  8:51  Marauder  
  150  8:54  Missile Turret  
  152  8:55  Terran Vehicle And Ship Armor Level 1  
  152  8:56  Marine x2  
  152  8:57  Marine x3  
  152  9:01  Supply Depot  
  157  9:03  Supply Depot  
  157  9:10  Supply Depot  
  157  9:11  Supply Depot  
  157  9:20  Missile Turret  
  157  9:23  Marine x8  
  165  9:24  Widow Mine x2  
  165  9:25  Marauder  
  165  9:26  Missile Turret  
  149  9:37  Barracks Reactor  
  149  9:38  Barracks Reactor  
  149  9:39  Barracks Tech Lab  
  149  9:41  Marine  
  149  9:42  Command Center  
  150  9:46  Marauder  
  150  9:48  Marine x5  
  150  9:49  Marine x2  
  150  9:50  Medivac  
  150  9:51  Medivac  
  163  9:56  Terran Infantry Weapons Level 3  
  163  9:58  Marine  
  164  10:05  Widow Mine x2  
  168  10:07  Marine x5  
  168  10:11  Marine x3  
  168  10:13  Marine  
  177  10:19  Marine  
  177  10:20  Terran Infantry Armor Level 3, Marauder  
  180  10:25  Marine  
  180  10:27  Marine  
  170  10:32  Marine x3, Concussive Shells  
  170  10:33  Widow Mine x2  
  177  10:35  Marine  
  177  10:37  Marine  
  177  10:39  Marine  
  177  10:41  Marine  
  177  10:43  Marine  
  174  10:51  Marine  
  174  10:54  Marine  
  174  10:55  Marine  
  176  10:58  Marine  
  176  10:59  Marine x7  
  176  11:00  Marine  
  176  11:02  Marine, Widow Mine x2  
  178  11:05  Marine  
  178  11:08  Marine  
  150  11:11  Marine  
  150  11:12  Marine, Medivac x2  
  156  11:22  Marine  
  157  11:30  Widow Mine  
  157  11:31  Marine x7, Widow Mine  
  157  11:32  Marine x4  
  171  11:33  Marine x2  
  173  11:43  Marine  
  162  11:49  Marine x5  
  162  11:51  Marine x4, Marauder  
  162  11:54  Marine x2  
  156  11:55  Marine  
  156  11:59  Widow Mine x2  
  156  12:00  Marine  
  142  12:03  Medivac  
  142  12:06  Marine  
  142  12:07  Marine x3  
  147  12:11  Marine  
  147  12:14  Marine x2  
  147  12:15  Marine  
  142  12:16  Marine x5  
  142  12:18  Marine  
  135  12:24  Marine x3  
  135  12:25  Marine  
  135  12:27  Medivac, Widow Mine  
  135  12:28  Widow Mine  
  135  12:29  Marine  
  142  12:31  Marine  
  142  12:32  Marine  
  142  12:33  Marine x2, Medivac  
  142  12:34  Planetary Fortress  
  148  12:45  Marine  
  148  12:46  Marine x3  
  148  12:47  Marine  
  148  12:48  Marine x2  
  154  12:52  Unknown x2  
  154  12:56  Marine, Widow Mine x2  
  156  13:03  Missile Turret  
  156  13:05  Marine  
  154  13:06  Marine x2  
  153  13:14  Marine  
  153  13:18  Marine x2  
  156  13:21  Marine  
  156  13:25  Widow Mine x2  
  156  13:26  Marine  
  156  13:27  Marine  
  161  13:28  Marine  
  161  13:29  Marine  
  161  13:33  SCV x2  
  166  13:35  SCV  
  167  13:45  Missile Turret  
  167  13:49  Medivac x2  
  167  13:50  Marine x4  
  167  13:53  Marine  
  167  13:55  Marine x2  
  176  14:00  Marine x3  
  168  14:03  Marine  
  166  14:13  Marine x3  
  166  14:15  Marine x3  
  166  14:16  Marine  
  153  14:19  Marine  
  153  14:21  Marine  
  146  14:30  Marine  
  146  14:32  Marine x2  
  146  14:33  Marine x3  
  141  14:44  Marine  
  133  14:51  Marine  
  133  14:52  Marine x3, Unknown  
  134  14:56  Marine x2  
  136  15:05  Marine x3  
  134  15:14  Widow Mine x2  
  138  15:27  Orbital Command  
  133  15:28  Marine x2  
  133  15:30  Marine  
  133  15:31  Marine  
  133  15:34  Marine x2  
  107  15:35  Marine  
  107  15:38  Marine  
  107  15:39  Marine  
  104  15:43  Widow Mine  
  106  15:58  SCV x2  
  106  16:00  SCV  
  109  16:10  SCV x2  
  111  16:11  Missile Turret  
  111  16:12  SCV  
  111  16:14  Marine  
  111  16:17  Marine x2  
  115  16:22  Marine x2  
  115  16:25  Marine  
  118  16:28  Marine x2  
  118  16:31  Marine  
  121  16:36  Widow Mine x2  
  122  16:45  Marine x2  
  124  16:49  Marine x2  
  124  16:51  Marine x3  
  124  16:52  Marine  
  126  16:54  Missile Turret  
  126  16:55  Marine  
  126  16:56  Marine  
  126  16:58  Marine  
  129  17:02  Marine  
  129  17:04  Marine  
  119  17:09  Marine  
  119  17:15  Marine  
  113  17:16  Marine  
  113  17:22  Marine  
  116  17:23  Marine  
  116  17:26  Marine  
  118  17:37  Marine x2  
  118  17:38  Marine  
  121  17:44  Marine  
  121  17:51  Medivac  
  124  18:00  Marine x3  
  116  18:14  Marine x5  
  116  18:17  Marine  
  116  18:20  Marine  
  116  18:24  Marine  

Tags
 
Add a new tag
Caveats
  • Supply blocks, unpowered buildings, or Contaminate may cause inaccurate times.
  • Supply counts are checked every 10 seconds.